[Event "Team 45 45 League T50"]
[Site "Internet Chess Club"]
[Date "2011.08.19"]
[Round "2"]
[White "Nakke"]
[Black "Ivio"]
[Result "1-0"]
[WhiteElo "1748"]
[BlackElo "1707"]
[Opening "QGD: 4.Nf3"]
[ECO "D37"]
[Time "09:01:19"]
[TimeControl "2700+45"]

1. d4 d5 2. c4 e6 3. Nf3 Nf6 4. Nc3 Nbd7 5. Bg5 Be7 6. e3 h6 7. Bh4 c6 8. cxd5
exd5 9. Bd3 O-O 10. O-O Re8 11. Qc2 Ng4 12. Bg3 Ngf6 13. Rab1 Nh5 14. b4 Nxg3
15. hxg3 Bd6 16. b5 Nf6 17. bxc6 bxc6 18. Na4 Qc7 19. Rbc1 Bd7 20. Nc5 Bxc5 21.
Qxc5 Rac8 22. Ne5 Rxe5 23. dxe5 Qxe5 24. Qd4 Qh5 25. f3 Re8 26. Kf2 Qg5 27. Qf4
Qe5 28. Qxe5 Rxe5 29. Rc5 Re7 30. Rb1 Re8 31. Rb7 Ra8 32. Ra5 g6 33. Rbxa7 Rxa7
34. Rxa7 c5 35. a4 c4 36. Bc2 Kg7 37. a5 Bc6 38. a6 Ne8 39. Rb7 Kf8 40. Ba4 Bxa4
41. a7 c3 42. a8=Q c2 43. Rc7 Bb3 {Black resigns} 1-0

[Event "Team 45 45 League T50"]
[Site "Internet Chess Club"]
[Date "2011.08.19"]
[Round "2"]
[White "MasterOfTheKeys"]
[Black "beitmery"]
[Result "1-0"]
[WhiteElo "1655"]
[BlackElo "1573"]
[Opening "French: Steinitz variation"]
[ECO "C11"]
[Time "16:42:21"]
[TimeControl "2700+45"]

1. e4 e6 2. d4 d5 3. Nc3 Nf6 4. e5 Nfd7 5. f4 c5 6. Nf3 Qb6 7. Bd3 cxd4 8. Ne2
Nc6 9. a3 Be7 10. O-O O-O 11. Kh1 Nc5 12. Nexd4 Nxd3 13. Qxd3 Nxd4 14. Nxd4 Bd7
15. Rd1 Rac8 16. Nb3 Rc7 17. Be3 Qc6 18. Nd4 Qc4 19. Qd2 Bc5 20. c3 Ba4 21. Rdb1
Bxd4 22. Bxd4 b6 23. Qf2 Qb3 24. Rc1 Rfc8 25. g4 Qc4 26. Qe3 Bb5 27. Rd1 Qe2 28.
Qg3 Qxb2 29. f5 Qe2 30. f6 Qe4+ 31. Kg1 Be2 32. Re1 Qxg4 33. Rxe2 Qxg3+ 34. hxg3
gxf6 35. exf6 Kh8 36. Re3 Rg8 37. Kf2 Rcc8 38. a4 Rg6 39. Rf3 Re8 40. Re1 Rg5
41. Rfe3 Rf5+ 42. Kg2 a6 43. Bxb6 Rxf6 44. Bd4 Kg7 45. Bxf6+ Kxf6 46. Rb1 {Black
resigns} 1-0

[Event "Team 45 45 League T50"]
[Site "Internet Chess Club"]
[Date "2011.08.23"]
[Round "2"]
[White "Freitac"]
[Black "jjmolina"]
[Result "1-0"]
[WhiteElo "1930"]
[BlackElo "1758"]
[Opening "QGD Slav: 4.e3"]
[ECO "D11"]
[Time "16:09:35"]
[TimeControl "2700+45"]

1. d4 d5 2. c4 c6 3. Nf3 Nf6 4. e3 e6 5. b3 Nbd7 6. Bb2 Be7 7. Bd3 O-O 8. O-O
dxc4 9. bxc4 c5 10. Nc3 cxd4 11. exd4 b6 12. Qe2 Bb7 13. Ne5 Rc8 14. Rad1 Re8
15. f4 Nf8 16. Kh1 Qc7 17. f5 Rcd8 18. fxe6 Nxe6 19. Nb5 Qb8 20. d5 Nc5 21. Ng4
Nxd3 22. Rxd3 Bc8 23. Ne5 Bf8 24. Re3 Ng4 25. Nxg4 Bxg4 26. Qf2 Rxe3 27. Qxe3
Re8 28. Qg5 Be2 29. Rc1 Bxc4 30. Nd4 Bxa2 31. Nf5 Qc7 32. Nxg7 Qxc1+ 33. Qxc1
Bxg7 34. Bxg7 Kxg7 35. h4 Kg8 36. Qg5+ Kf8 37. h5 Re1+ 38. Kh2 Rd1 39. Qd8+ Kg7
40. d6 Be6 41. Qg5+ Kf8 42. Qe5 Ke8 43. h6 Rd5 44. Qh8+ Kd7 45. Qxh7 Kxd6 46.
Qg7 Rh5+ 47. Kg1 a5 48. h7 a4 49. h8=Q Rxh8 50. Qxh8 b5 51. Qd4+ Kc6 52. Qb4 Kb6
53. Kf2 Kc6 54. Ke3 Bc4 55. Kd4 Kd7 56. Ke5 Ke8 57. Qd6 {Black resigns} 1-0

[Event "Team 45 45 League T50"]
[Site "Internet Chess Club"]
[Date "2011.08.20"]
[Round "2"]
[White "sombragris35"]
[Black "Sir-Sinister"]
[Result "1/2-1/2"]
[WhiteElo "1742"]
[BlackElo "1807"]
[Opening "Scotch: Horwitz attack"]
[ECO "C45"]
[Time "10:03:23"]
[TimeControl "2700+45"]

1. e4 Nc6 2. Nf3 e5 3. d4 exd4 4. Nxd4 Qh4 5. Nb5 Qxe4+ 6. Qe2 Qxe2+ 7. Bxe2 Kd8
8. Bf4 d6 9. Nd2 Bf5 10. O-O Be7 11. c3 g5 12. Be3 Bf6 13. g4 Bg6 14. f4 gxf4
15. Bxf4 Be5 16. Bxe5 Nxe5 17. Nd4 Ne7 18. Nc4 N7c6 19. Rad1 Nxc4 20. Bxc4 Ne5
21. Be2 h5 22. g5 h4 23. h3 Kd7 24. Nf3 Rae8 25. Kh2 Ng4+ 26. hxg4 Rxe2+ 27. Kh3
Rhe8 28. Rd2 Rxd2 29. Nxd2 Re2 30. Nf3 Rxb2 31. Nxh4 Re2 32. Nxg6 fxg6 33. Rf6
Re6 34. Rf7+ Kc6 35. Rf6 Kd5 36. c4+ Ke5 37. Rf7 d5 38. cxd5 Kxd5 39. Rxc7 Rb6
40. Kg3 a6 41. Rc2 Rb4 42. Rf2 {Game drawn by mutual agreement} 1/2-1/2

[Event "Team 45 45 League T50"]
[Site "Internet Chess Club"]
[Date "2011.08.21"]
[Round "2"]
[White "AntonioMendonca"]
[Black "elpiratasergio"]
[Result "0-1"]
[WhiteElo "1477"]
[BlackElo "1606"]
[Opening "Sicilian defense"]
[ECO "B20"]
[Time "17:12:14"]
[TimeControl "2700+45"]

1. e4 c5 2. b3 e6 3. Bb2 a6 4. f4 Nc6 5. Nf3 d5 6. exd5 exd5 7. Bd3 Nf6 8. O-O
Be7 9. Nc3 O-O 10. Ne5 Bd7 11. Qf3 d4 12. Nxd7 Qxd7 13. Ne4 Nd5 14. a3 h6 15.
Rae1 Rfe8 16. Qh5 b5 17. Rf3 Qe6 18. Ref1 Nf6 19. Nxf6+ Qxf6 20. Qf5 Qxf5 21.
Bxf5 Rad8 22. d3 Bf6 23. Be4 Ne7 24. Bc1 a5 25. Bd2 b4 26. a4 Nd5 27. Bxd5 Rxd5
28. Re1 Rxe1+ 29. Bxe1 Kf8 30. Bd2 Ke7 31. Rf1 Kd7 32. Kf2 Rd6 33. Kf3 Re6 34.
Re1 g5 35. f5 Rxe1 36. Bxe1 Be5 37. h3 h5 38. Ke4 Kd6 39. g4 h4 40. f6 Ke6 41.
Bd2 Bxf6 42. Bc1 Be7 43. Bd2 f6 44. Bc1 Bd6 45. Bd2 Bg3 46. Kf3 Ke5 47. Bc1 Bh2
48. Bd2 Bg1 49. Bc1 Be3 50. Bxe3 dxe3 51. Kxe3 f5 52. Kf3 f4 53. Ke2 Kd4 54. Kd2
f3 55. Ke1 Ke3 56. Kf1 f2 57. c3 bxc3 58. b4 c2 {White resigns} 0-1

[Event "Team 45 45 League T50"]
[Site "Internet Chess Club"]
[Date "2011.08.21"]
[Round "2"]
[White "adrianelpirata"]
[Black "quotha"]
[Result "0-1"]
[WhiteElo "1612"]
[BlackElo "1704"]
[Opening "Philidor: exchange variation"]
[ECO "C41"]
[Time "17:01:04"]
[TimeControl "2700+45"]

1. e4 e5 2. Nf3 d6 3. d4 exd4 4. Nxd4 Be7 5. Nc3 Nf6 6. Bd3 a6 7. O-O O-O 8. Bf4
c5 9. Nf3 Bg4 10. h3 Be6 11. Re1 Nc6 12. Ne2 c4 13. Ng3 cxd3 14. cxd3 Qb6 15. d4
d5 16. b3 dxe4 17. Nxe4 Rad8 18. Neg5 Nxd4 19. Be3 Nxf3+ 20. Qxf3 Bc5 21. Bxc5
Qxc5 22. Qxb7 Qxg5 23. Qxa6 Bxh3 24. g3 Qd5 {White resigns} 0-1

[Event "Team 45 45 League T50"]
[Site "Internet Chess Club"]
[Date "2011.08.20"]
[Round "2"]
[White "fileman"]
[Black "fishhead"]
[Result "1/2-1/2"]
[WhiteElo "1868"]
[BlackElo "1905"]
[Opening "Alekhine's defense: Krejcik variation"]
[ECO "B02"]
[Time "12:06:56"]
[TimeControl "2700+45"]

1. e4 Nf6 2. Bc4 d5 3. exd5 Nxd5 4. Nf3 g6 5. h3 Bg7 6. d4 O-O 7. O-O Nc6 8. c3
Nb6 9. Bb3 e5 10. dxe5 Nxe5 11. Nxe5 Bxe5 12. Qxd8 Rxd8 13. Nd2 Bf5 14. Nf3 Bf6
15. Be3 Nd5 16. Bd4 Kg7 17. Rad1 Nf4 18. Bxf6+ Kxf6 19. Rxd8 Rxd8 20. Rd1 Rxd1+
21. Bxd1 c5 22. Ne1 b5 23. Kf1 Ke5 24. Nf3+ Kd5 25. Ne1 Be4 26. f3 Bb1 27. a4 a6
28. axb5 axb5 29. Bb3+ c4 30. Bd1 h5 31. h4 f6 32. g3 Ne6 33. Ke2 g5 34. Ng2 Ke5
35. Ke3 Bg6 36. f4+ gxf4+ 37. Nxf4 Nxf4 38. gxf4+ Kd5 39. Bf3+ Kc5 40. f5 Be8
41. Be2 b4 42. cxb4+ Kxb4 43. Kd4 Bf7 44. Bd1 Be8 45. Bf3 Bd7 46. Bxh5 Bxf5 47.
Be2 Kb3 48. Bxc4+ Kxb2 49. Bd3 Bg4 50. Bg6 Bf3 51. Ke3 Bd1 52. Kf4 Kc3 53. Kf5
Kd4 54. Kxf6 Kd5 55. Bf5 Kd6 56. Kg5 Ke7 57. Bg4 Bxg4 58. Kxg4 Kf6 59. h5 Kg7
60. Kg5 Kh8 61. Kg6 Kg8 62. h6 Kh8 63. h7 {Black stalemated} 1/2-1/2

[Event "Team 45 45 League T50"]
[Site "Internet Chess Club"]
[Date "2011.08.19"]
[Round "2"]
[White "JFlamer"]
[Black "Plattner"]
[Result "1-0"]
[WhiteElo "1733"]
[BlackElo "1692"]
[Opening "Queen's pawn game"]
[ECO "E00"]
[Time "14:09:05"]
[TimeControl "2700+45"]

1. d4 Nf6 2. c4 e6 3. a3 b6 4. Nc3 Bb7 5. Qc2 c5 6. e3 cxd4 7. exd4 d5 8. Be3
Be7 9. Nf3 Nbd7 10. cxd5 Nxd5 11. Be2 Rc8 12. Qb3 O-O 13. O-O Nxc3 14. bxc3 Qc7
15. Rac1 Rfd8 16. Rfd1 Nf6 17. c4 Ng4 18. h3 Nxe3 19. Qxe3 Bd6 20. Rc3 Bf4 21.
Qd3 e5 22. Qf5 g6 23. Qf6 Rd6 24. Qh4 Bxf3 25. Rxf3 f5 26. g3 g5 27. Qh5 Kg7 28.
gxf4 Rh6 29. Qxg5+ Rg6 30. Qxg6+ hxg6 31. dxe5 Rd8 32. Rfd3 Rxd3 33. Rxd3 Kf7
34. Bf3 Ke7 35. Bd5 a6 36. Rg3 Qc5 37. Rxg6 Qxa3 38. Rg7+ Kd8 39. Kg2 b5 40. e6
Qc5 41. h4 bxc4 42. Rd7+ Ke8 43. h5 c3 44. h6 c2 45. h7 Qf8 46. Rf7 Qh6 47. Bc6+
Kd8 48. e7+ {Black resigns} 1-0

[Event "Team 45 45 League T50"]
[Site "Internet Chess Club"]
[Date "2011.08.20"]
[Round "2"]
[White "fireball"]
[Black "Superman"]
[Result "1/2-1/2"]
[WhiteElo "1697"]
[BlackElo "1754"]
[Opening "French: Tarrasch, closed variation"]
[ECO "C05"]
[Time "16:00:22"]
[TimeControl "2700+45"]

1. e4 e6 2. d4 d5 3. Nd2 Nf6 4. e5 Nfd7 5. Bd3 c5 6. c3 Nc6 7. Ngf3 cxd4 8. cxd4
f6 9. O-O fxe5 10. dxe5 Be7 11. Re1 O-O 12. Qc2 g6 13. a3 Kg7 14. Nb3 Rxf3 15.
gxf3 Ndxe5 16. Qe2 Bd6 17. Qe3 Qh4 18. f4 Qg4+ 19. Kh1 Nxd3 20. Qxd3 Bxf4 21.
Bxf4 Qxf4 22. Qg3 Qf7 23. h4 e5 24. Rac1 Bf5 25. Rxe5 Nxe5 26. Qxe5+ Kg8 27. Rc7
Re8 28. Qc3 Re7 29. Rxe7 Qxe7 30. Qg3 Qe4+ 31. Kh2 d4 32. Qb8+ Kg7 33. Qc7+ Kh6
34. Qc1+ Kg7 35. Qc7+ Kh6 36. Qc1+ Kg7 37. Qc7+ {Game drawn by repetition}
1/2-1/2

[Event "Team 45 45 League T50"]
[Site "Internet Chess Club"]
[Date "2011.08.20"]
[Round "2"]
[White "mongmong"]
[Black "hcube"]
[Result "0-1"]
[WhiteElo "1632"]
[BlackElo "1632"]
[Opening "Queen's pawn game"]
[ECO "A46"]
[Time "20:00:44"]
[TimeControl "2700+45"]

1. d4 Nf6 2. Nf3 c5 3. dxc5 Qa5+ 4. Nc3 Qxc5 5. Qd4 e6 6. Qxc5 Bxc5 7. e4 d6 8.
Bd3 Nc6 9. a3 a6 10. O-O b5 11. Ne2 Bb7 12. Bg5 Nd7 13. c3 h6 14. Bf4 e5 15. Bg3
O-O 16. Nd2 Nf6 17. Kh1 g5 18. f3 Nh5 19. Bf2 Rad8 20. Nb3 Bxf2 21. Rxf2 Ne7 22.
Rff1 f5 23. exf5 Nxf5 24. Bxf5 Rxf5 25. Rfd1 d5 26. Nc5 Bc8 27. g4 Rxf3 28. gxh5
Bg4 29. Re1 Rf2 30. Ng3 Rdf8 31. Nd3 Bf3+ 32. Kg1 Rg2+ 33. Kh1 Rxg3# {White
checkmated} 0-1

[Event "Team 45 45 League T50"]
[Site "Internet Chess Club"]
[Date "2011.08.20"]
[Round "2"]
[White "BTop"]
[Black "hewdondada"]
[Result "1-0"]
[WhiteElo "1780"]
[BlackElo "1751"]
[Opening "English: Caro-Kann defensive system"]
[ECO "A11"]
[Time "06:05:10"]
[TimeControl "2700+45"]

1. c4 c6 2. g3 d5 3. Nf3 Nf6 4. Bg2 g6 5. b3 Bg7 6. Bb2 O-O 7. O-O Nbd7 8. Qc2
Re8 9. Nc3 e5 10. cxd5 cxd5 11. Nb5 Re6 12. Qc7 Re8 13. Rac1 Ne4 14. d3 Ng5 15.
Nxg5 Qxg5 16. Nd6 Rf8 17. Bxd5 Nb6 18. Bxf7+ Rxf7 19. Qxf7+ Kh8 20. Qe8+ {Black
resigns} 1-0

[Event "Team 45 45 League T50"]
[Site "Internet Chess Club"]
[Date "2011.08.20"]
[Round "2"]
[White "RamRock"]
[Black "pishd"]
[Result "1/2-1/2"]
[WhiteElo "1732"]
[BlackElo "1750"]
[Opening "Caro-Kann: exchange variation"]
[ECO "B13"]
[Time "11:20:54"]
[TimeControl "2700+45"]

1. e4 c6 2. d4 d5 3. exd5 cxd5 4. Bd3 g6 5. Nf3 Nc6 6. c3 Bg7 7. Qe2 Nh6 8. O-O
Bf5 9. Bf4 Bxd3 10. Qxd3 O-O 11. Re1 Re8 12. Nbd2 Qd7 13. Re2 e6 14. Rae1 Re7
15. Ne5 Nxe5 16. Bxe5 f6 17. Bg3 Rae8 18. f4 Nf5 19. Bf2 Nd6 20. Bh4 Qa4 21. a3
Qc6 22. g4 Qb6 23. Qc2 Nf7 24. Bf2 Qc7 25. Bg3 Qb6 26. Bf2 Qc7 27. Bg3 e5 28.
dxe5 fxe5 29. fxe5 Nxe5 30. Bxe5 Rxe5 31. Nf3 Qc5+ 32. Kg2 Rxe2+ 33. Rxe2 Rf8
{Game drawn by mutual agreement} 1/2-1/2

[Event "Team 45 45 League T50"]
[Site "Internet Chess Club"]
[Date "2011.08.21"]
[Round "2"]
[White "losscause"]
[Black "Portola"]
[Result "1/2-1/2"]
[WhiteElo "1617"]
[BlackElo "1736"]
[Opening "Torre attack (Tartakower variation)"]
[ECO "D03"]
[Time "20:30:22"]
[TimeControl "2700+45"]

1. d4 d5 2. Nf3 Nf6 3. Bg5 e6 4. e3 Be7 5. Nbd2 Nbd7 6. Be2 O-O 7. Ne5 Nxe5 8.
dxe5 Nd7 9. Bxe7 Qxe7 10. Nf3 Qb4+ 11. Qd2 Qxb2 12. O-O Nxe5 13. Nxe5 Qxe5 14.
c4 c6 15. a4 Bd7 16. c5 Rfd8 17. f4 Qf6 18. Qd4 Qxd4 19. exd4 Re8 20. a5 a6 21.
Rab1 Ra7 22. Rb3 f6 23. Bg4 g6 24. Re1 Kg7 25. Rbe3 f5 26. Be2 Re7 27. h4 h5 28.
g3 {Game drawn by mutual agreement} 1/2-1/2

[Event "Team 45 45 League T50"]
[Site "Internet Chess Club"]
[Date "2011.08.18"]
[Round "2"]
[White "Gregorio"]
[Black "Pacini"]
[Result "0-1"]
[WhiteElo "1921"]
[BlackElo "2027"]
[Opening "English: symmetrical variation"]
[ECO "A30"]
[Time "20:09:45"]
[TimeControl "2700+45"]

1. c4 c5 2. g3 g6 3. Bg2 Bg7 4. h4 h6 5. Nc3 Nc6 6. Nf3 d6 7. e3 e5 8. d3 Nge7
9. a3 a5 10. Nd2 Be6 11. Qb3 Rb8 12. Nd5 b6 13. Ne4 Bxd5 14. cxd5 Na7 15. Bd2 b5
16. Qc3 f5 17. Nxc5 dxc5 18. Qxc5 Nac8 19. Rc1 O-O 20. e4 Nd6 21. b3 Rc8 22. Qa7
Rxc1+ 23. Bxc1 Nec8 24. Qc5 Rf7 25. Bd2 a4 26. bxa4 bxa4 27. O-O Rc7 28. Qa5 Qd7
29. Bh3 Rc2 30. Be3 Ne7 31. Rb1 Qc7 32. Qxa4 fxe4 33. dxe4 Kh7 34. Bf1 Qc3 35.
Rb3 Qc8 36. Rb6 Nc4 37. Qxc2 Nxb6 38. Qb3 Nd7 39. a4 Nf6 40. f3 Nh5 41. Kg2 Qc7
42. Qc4 Qb8 43. Qb5 Qa8 44. Bc5 Bf6 45. Qd7 Qc8 46. Qa7 Kg8 47. Ba6 Qf8 48. Bc4
Kh8 49. Qd7 g5 50. d6 Ng6 51. Qf5 Kg7 52. hxg5 hxg5 53. Qd7+ Kh6 54. Qf7 Qd8 55.
d7 Qa5 56. Bf8+ Bg7 57. Bxg7+ Nxg7 58. Qd5 Qe1 59. d8=Q Nh5 60. Qf7 Nhf4+ 61.
gxf4 Nh4+ 62. Kh3 Qh1+ {White resigns} 0-1

[Event "Team 45 45 League T50"]
[Site "Internet Chess Club"]
[Date "2011.08.21"]
[Round "2"]
[White "kabindra"]
[Black "MeanMrMustard"]
[Result "1/2-1/2"]
[WhiteElo "1758"]
[BlackElo "1808"]
[Opening "French: Tarrasch, Botvinnik variation"]
[ECO "C05"]
[Time "10:10:50"]
[TimeControl "2700+45"]

1. e4 e6 2. d4 d5 3. Nd2 Nf6 4. e5 Nfd7 5. Bd3 c5 6. c3 b6 7. Ne2 Ba6 8. Bb1 Nc6
9. O-O cxd4 10. cxd4 Bxe2 11. Qxe2 Nxd4 12. Qg4 Nc6 13. f4 g6 14. Nf3 Bc5+ 15.
Kh1 h5 16. Qh3 Qe7 17. a3 Nd4 18. Ng5 Nf5 19. Rd1 b5 20. Bxf5 gxf5 21. Bd2 Qd8
22. Rac1 Be7 23. Re1 Rc8 24. b4 Nb6 25. Rxc8 Qxc8 26. Nf3 Nc4 27. Bc1 Kd7 28.
Nd4 a6 29. Qb3 Qb7 30. h3 Bh4 31. g3 Bd8 32. h4 Bb6 33. Rd1 Bxd4 34. Rxd4 Qc6
35. Rd1 Nb6 36. Kh2 Qc4 37. Qf3 Qe4 38. Qf2 Rc8 39. Bd2 Nc4 40. Bc1 Nb6 41. Bd2
Rc2 42. Qxb6 Qe2+ 43. Kh3 Qxd1 44. Qd6+ Kc8 45. Qxa6+ Kc7 46. Qd6+ Kb7 47. Qd7+
Rc7 48. Qxb5+ Ka8 49. Qa6+ Kb8 50. Qb5+ Kc8 51. Qe8+ Kb7 52. Qb5+ Kc8 {Game
drawn by mutual agreement} 1/2-1/2

[Event "Team 45 45 League T50"]
[Site "Internet Chess Club"]
[Date "2011.08.23"]
[Round "2"]
[White "ghostfire"]
[Black "Bacon1290"]
[Result "0-1"]
[WhiteElo "1708"]
[BlackElo "1791"]
[Opening "Sicilian: Labourdonnais-Löwenthal variation"]
[ECO "B32"]
[Time "20:00:26"]
[TimeControl "2700+45"]

1. e4 c5 2. Nf3 Nc6 3. d4 cxd4 4. Nxd4 e5 5. Nb3 Nf6 6. Nc3 Bb4 7. Bd3 d5 8.
exd5 Nxd5 9. Bd2 O-O 10. Nxd5 Qxd5 11. O-O Rd8 12. Qe2 Bxd2 13. Nxd2 Nd4 14. Qd1
Nxc2 15. Bxh7+ Kxh7 16. Qxc2+ Kg8 17. Rfd1 Bg4 18. f3 Qd4+ 19. Kf1 Rac8 20. Qb3
Be6 21. Qxb7 Rc2 22. Qe4 Bc4+ 23. Ke1 Qg1+ 24. Nf1 Qxf1# {White checkmated} 0-1

[Event "Team 45 45 League T50"]
[Site "Internet Chess Club"]
[Date "2011.08.19"]
[Round "2"]
[White "PJ"]
[Black "Frankly"]
[Result "1/2-1/2"]
[WhiteElo "1766"]
[BlackElo "1779"]
[Opening "Sicilian: closed, 6.Be3"]
[ECO "B26"]
[Time "14:05:29"]
[TimeControl "2700+45"]

1. e4 c5 2. Nc3 d6 3. g3 g6 4. Bg2 Bg7 5. d3 Nc6 6. Be3 Nf6 7. h3 O-O 8. f4 Rb8
9. g4 e6 10. Nf3 Qb6 11. Rb1 Nd4 12. Ne2 Nxf3+ 13. Bxf3 Nd7 14. O-O Nf6 15. d4
Rd8 16. Qc1 Qc7 17. b4 cxd4 18. Bxd4 b6 19. e5 Ne8 20. exd6 Bxd4+ 21. Nxd4 Qxd6
22. c3 Bb7 23. Qe3 Bxf3 24. Qxf3 Rbc8 25. Rbd1 Qc7 26. Rd3 Qc4 27. Rf2 Nf6 28.
f5 e5 29. fxg6 exd4 30. Qxf6 fxg6 31. Rxd4 Rxd4 32. cxd4 Qd5 33. Qf3 Qxd4 34.
Kg2 Qc4 35. a3 Qc6 36. Qxc6 Rxc6 37. Rf3 Kg7 38. Rd3 Rc7 39. Kf3 Kf6 40. h4 Ke5
41. Ke3 Rc4 42. Kf3 Rc7 43. Ke3 Rf7 44. Rd4 b5 45. Re4+ Kd5 46. Rd4+ Kc6 47. Ke4
Rf1 48. Ke5 Ra1 49. Kf6 Re1 50. Kg7 Re7+ 51. Kf6 Re3 52. Kg7 Re7+ 53. Kf6 Re3
54. Kg7 {Game drawn by mutual agreement} 1/2-1/2

[Event "Team 45 45 League T50"]
[Site "Internet Chess Club"]
[Date "2011.08.21"]
[Round "2"]
[White "daniguti"]
[Black "Stryker672"]
[Result "1-0"]
[WhiteElo "1815"]
[BlackElo "1946"]
[Opening "Ruy Lopez: classical defense, Benelux variation"]
[ECO "C64"]
[Time "19:00:15"]
[TimeControl "2700+45"]

1. e4 e5 2. Nf3 Nc6 3. Bb5 Bc5 4. c3 Nf6 5. d4 Bb6 6. O-O O-O 7. Re1 d6 8. h3
Qe7 9. d5 Nd8 10. Nbd2 c6 11. Bc4 cxd5 12. exd5 h6 13. Nf1 Qc7 14. Bb3 Bf5 15.
Ng3 Bh7 16. Nh4 Ne8 17. Nhf5 f6 18. Qg4 Kh8 19. Ba4 Rc8 20. Re4 g6 21. Bxe8 gxf5
22. Nxf5 Rxe8 23. Bxh6 Rg8 24. Qh4 Rg6 25. Rg4 Kg8 26. Qxf6 Ne6 27. Ne7+ Qxe7
28. Rxg6+ Bxg6 29. Qxe7 {Black resigns} 1-0

[Event "Team 45 45 League T50"]
[Site "Internet Chess Club"]
[Date "2011.08.18"]
[Round "2"]
[White "rahulr"]
[Black "az2112"]
[Result "0-1"]
[WhiteElo "1584"]
[BlackElo "1736"]
[Opening "QGD semi-Slav: Meran variation"]
[ECO "D47"]
[Time "11:00:27"]
[TimeControl "2700+45"]

1. d4 d5 2. c4 c6 3. Nc3 Nf6 4. Nf3 e6 5. e3 Nbd7 6. Bd3 dxc4 7. Bxc4 b5 8. Bd3
Bd6 9. Ne4 Nxe4 10. Bxe4 Bb7 11. Qc2 Rc8 12. Nd2 Nf6 13. Bf3 Qb6 14. Nb3 c5 15.
Bxb7 Qxb7 16. f3 cxd4 17. Qd3 Bb4+ 18. Kf2 dxe3+ 19. Bxe3 O-O 20. Rhd1 Nd5 21.
Bd4 Nf4 22. Qe3 Rc2+ 23. Nd2 Rd8 24. Qxf4 Rxd4 25. Qxd4 Bc5 26. Qxc5 Rxc5 27.
Rac1 Qb6 28. Rxc5 Qxc5+ 29. Ke2 Qc2 30. Ke3 g6 31. Rb1 Kg7 32. a3 f5 33. b4 Qc3+
34. Ke2 Qxa3 35. Rb3 Qa2 36. Rd3 Kf6 37. Ke3 Qb2 38. Rd4 Qc3+ 39. Rd3 Qxb4
{White resigns} 0-1

[Event "Team 45 45 League T50"]
[Site "Internet Chess Club"]
[Date "2011.08.19"]
[Round "2"]
[White "Tamarin"]
[Black "Hal2001"]
[Result "1-0"]
[WhiteElo "1895"]
[BlackElo "1671"]
[Opening "QGD Slav: 4.e3"]
[ECO "D11"]
[Time "20:40:29"]
[TimeControl "2700+45"]

1. d4 d5 2. c4 c6 3. Nf3 Nf6 4. e3 a6 5. Nc3 Bg4 6. Be2 dxc4 7. Bxc4 Nbd7 8. Qb3
e6 9. Qxb7 Qc8 10. Bxa6 Nb6 11. Qxc8+ Nxc8 12. Bb7 Rb8 13. Bxc6+ Kd8 14. O-O Bb4
15. Ne5 Bh5 16. Bf3 Bxf3 17. gxf3 Ke8 18. a3 Bxc3 19. bxc3 Nd6 20. Bd2 Nd7 21.
Rab1 f6 22. Rxb8+ Nxb8 23. Rb1 Nd7 24. Nxd7 Kxd7 25. Rb4 Kc6 26. c4 Ra8 27. a4
Nc8 28. c5 e5 29. Kg2 Ne7 30. a5 exd4 31. exd4 Nd5 32. Rb3 f5 33. Rb1 Nc7 34.
Rb6+ Kd5 35. Rd6+ Kc4 36. Rd7 Ne6 37. c6 Nxd4 38. c7 Rc8 39. Bf4 Ne6 40. Be5 Kc5
41. f4 Kb5 42. a6 Nc5 43. Rd8 {Black resigns} 1-0

[Event "Team 45 45 League T50"]
[Site "Internet Chess Club"]
[Date "2011.08.22"]
[Round "2"]
[White "Signalman"]
[Black "Schack"]
[Result "0-1"]
[WhiteElo "1549"]
[BlackElo "1695"]
[Opening "Center game: Berger variation"]
[ECO "C22"]
[Time "13:31:03"]
[TimeControl "2700+45"]

1. e4 e5 2. d4 exd4 3. Qxd4 Nc6 4. Qe3 Nf6 5. Nc3 Bb4 6. Bd2 O-O 7. O-O-O Re8 8.
Qg3 Rxe4 9. a3 Rg4 10. Qf3 Bc5 11. h3 Rg6 12. Bd3 Ne5 13. Qe2 Nxd3+ 14. Qxd3
Bxf2 15. Qf3 Bxg1 16. Rhxg1 d5 17. h4 Bg4 {White resigns} 0-1